 Dungeon Crawl Stone Soup version 0.22-a0-456-g11ed031617 (webtiles) character file.

110 HANFGEIST the Magician (level 4, -2/24 HPs)
             Began as a Deep Elf Wizard on June 6, 2018.
             Slain by Pikel
             ... wielding a +2 whip of electrocution
              (18 damage)
             ... on level 4 of the Dungeon.
             The game lasted 00:05:11 (3006 turns).

HANFGEIST the Magician (Deep Elf Wizard)            Turns: 3006, Time: 00:05:11

Health: -2/24      AC:  2    Str:  4    XL:     4   Next: 61%
Magic:  8/13       EV: 13    Int: 24    God:
Gold:   120        SH:  0    Dex: 13    Spells: 5/13 levels left

rFire    . . .     SeeInvis .   e - +2 dagger (venom)
rCold    . . .     Gourm    .   (no shield)
rNeg     . . .     Faith    .   a - +0 robe
rPois    .         Spirit   .   b - +0 hat
rElec    .         Reflect  .   (no cloak)
rCorr    .         Harm     .   (no gloves)
MR       .....                  (no boots)
Stlth    ++........             h - amulet of rage (curse)
HPRegen  0.08/turn              j - ring of wizardry
MPRegen  0.13/turn              l - ring of wizardry

@: no status effects
A: no striking features
a: Evoke Berserk Rage


You were on level 4 of the Dungeon.
You were very hungry.

You visited 1 branch of the dungeon, and saw 4 of its levels.

You collected 120 gold pieces.

Inventory:

Hand Weapons
 e - a +2 dagger of venom (weapon)
Armour
 a - a +0 robe (worn)
 b - a +0 hat (worn)
Jewellery
 h - a cursed amulet of rage (around neck)
 j - a ring of wizardry (left hand)
 l - a ring of wizardry (right hand)
 o - a +3 ring of evasion {unknown}
Scrolls
 f - 2 scrolls of enchant armour {unknown}
 g - a scroll of remove curse {unknown}
 m - 6 scrolls of identify {unknown}
 n - 3 scrolls of magic mapping {unknown}
 p - a scroll of blinking {unknown}
 q - 3 scrolls of teleportation {unknown}
 u - a scroll of fear {unknown}
 v - 2 scrolls of enchant weapon {unknown}
Potions
 c - a potion of resistance {unknown}
 i - 3 potions of agility {unknown}
 k - 2 potions of mutation {unknown}
 r - a potion of lignification {unknown}
 s - a potion of ambrosia {unknown}
 t - a potion of flight {unknown}
Comestibles
 d - 5 rations


   Skills:
 * Level 3.3 Dodging
 - Level 3.0 Stealth
 - Level 5.0 Spellcasting
 * Level 3.6 Conjurations
 + Level 1.1 Summonings
 + Level 1.1 Translocations


You had 5 spell levels left.
You knew the following spells:

 Your Spells              Type           Power        Failure   Level  Hunger
a - Magic Dart            Conj           ###.         1%          1    None
b - Blink                 Tloc           N/A          2%          2    None
c - Call Imp              Summ           ##......     2%          2    None
d - Mephitic Cloud        Conj/Pois/Air  ##......     4%          3    ##.....

Your spell library contained the following spells:

 Spells                   Type           Power        Failure   Level  Hunger
 Conjure Flame            Conj/Fire      ##......     3%          3    ##.....
 Slow                     Hex            #.......     3%          2    None


Dungeon Overview and Level Annotations

Branches:
Dungeon (4/15)
 Temple: D:4-7

Altars:
Okawaru

Annotations:
D:4 Pikel


Message History

Pikel is lightly wounded.
The slave hits Pikel!
The slave cries.
You hit Pikel but do no damage.
Pikel looks even sicker.
Pikel is moderately wounded.
Pikel seems less confused.
Pikel says, "Who am I kidding?
They'll work you to death!" Pikel barely misses you.
You hit Pikel.
Pikel is moderately wounded.
Pikel hits you with a whip of electrocution.
Casting: Mephitic Cloud (safe; 4% risk of failure)
Confirm with . or Enter, or press ? or * to list all spells.
Okay, then.
You hit Pikel but do no damage.
Pikel looks as sick as possible!
Pikel is moderately wounded.
Pikel hits you with a whip of electrocution.
You are electrocuted!
Ouch! That really hurt!
You die...

... .... ...##
.... #..## #....
#..#####...
#....#....#
#.......#.#
##...p.p...#
#?.<.....!.###.#
##?....p.@K....#
#..............#
##.?.###p.#....#
#......#
#.##......
....##### ###
##### ###. #


You could see Pikel and 4 slaves.

Vanquished Creatures
  3 adders (D:3)
  2 dart slugs
  A leopard gecko (D:1)
  5 orcs (D:3)
  8 bats
  2 giant cockroaches (D:2)
  8 goblins
  11 hobgoblins
  5 jackals
  9 kobolds
  A ball python (D:1)
  A ball python skeleton (D:4)
  4 frilled lizards
  2 rats (D:3)
62 creatures vanquished.

Vanquished Creatures (collateral kills)
  An adder (D:2)
  A bat (D:2)
2 creatures vanquished.

Grand Total: 64 creatures vanquished

Notes
Turn   | Place    | Note
-------+----------+-------------------------------------------
     0 | D:1      | HANFGEIST the Deep Elf Wizard began the quest for the Orb.
     0 | D:1      | Reached XP level 1. HP: 10/10 MP: 7/7
   319 | D:1      | Reached skill level 5 in Spellcasting
   319 | D:1      | Reached XP level 2. HP: 15/15 MP: 7/10
  1069 | D:1      | Learned a level 2 spell: Blink
  1072 | D:1      | Learned a level 2 spell: Call Imp
  1198 | D:2      | Reached XP level 3. HP: 14/19 MP: 3/11
  2089 | D:3      | Reached XP level 4. HP: 20/24 MP: 9/13
  2094 | D:3      | Learned a level 3 spell: Mephitic Cloud
  2101 | D:3      | Found an iron altar of Okawaru.
  2297 | D:3      | Found a faded altar of an unknown god.
  2989 | D:4      | Noticed a slave
  2989 | D:4      | Noticed a slave
  2992 | D:4      | Noticed Pikel
  2994 | D:4      | Noticed a slave
  2994 | D:4      | Noticed a slave
  3006 | D:4      | Slain by Pikel

Vault maps used:
D:1:      shiori_arrival_maze
D:3:      kennysheep_okawaru_gauntlet, chequers_ecumenical_altar_island
D:4:      tso_oasis_becter, chequers_temple_overflow_minitemple, minivault_24,
          makhleb_heckhound_becter, uniq_natasha, uniq_robin, uniq_pikel,
          uniq_edmund

Skill      XL: |  1  2  3  4 |
---------------+-------------+-----
Spellcasting   | 5 |  5.0
Conjurations   | 2 3 |  3.6
Stealth        | 3 |  3.0
Dodging        | 3 |  3.3
Summonings     | |  1.1
Translocations | |  1.1

Action                   |  1- 3 |  4- 6 || total
-------------------------+-------+-------++-------
Melee: Dagger            |    24 |    10 ||    34
 Cast: Magic Dart        |    78 |    37 ||   115
       Blink             |     1 |       ||     1
       Call Imp          |     1 |       ||     1
       Mephitic Cloud    |       |     2 ||     2
 Stab: Sleeping          |     5 |     1 ||     6
  Eat: Chunk             |     3 |     2 ||     5
Armor: Robe              |     7 |       ||     7
Dodge: Dodged            |    24 |    17 ||    41

Table legend:
 A = Spawn XP
 B = Non-spawn XP
 C = Spawn XP percentage of total XP
 D = Spawn monster count
 E = Non-spawn monster count
 F = Spawn count percentage of total count
 G = Total turns spent on level
                    A         B        C        D         E        F      G
               +---------+---------+-------+---------+---------+-------+---------
         Total |       0 |     158 |   0.0 |       0 |      64 |   0.0 |  3006
               +---------+---------+-------+---------+---------+-------+---------
           D:1 |       0 |      36 |   0.0 |       0 |      18 |   0.0 |  1132
           D:2 |       0 |      35 |   0.0 |       0 |      18 |   0.0 |   833
           D:3 |       0 |      86 |   0.0 |       0 |      27 |   0.0 |  1024
           D:4 |       0 |       1 |   0.0 |       0 |       1 |   0.0 |    17
               +---------+---------+-------+---------+---------+-------+---------
